 Dungeon Crawl Stone Soup version 0.18.1-48-g4cf74bf (webtiles) character file.

36 Lennu the Skirmisher (level 3, -5/33 HPs)
             Began as a Formicid Chaos Knight on Sept 6, 2016.
             Slain by a chaos spawn (12 damage)
             ... summoned by Xom
             ... on level 2 of the Dungeon.
             The game lasted 00:05:25 (1090 turns).

Lennu the Skirmisher (Formicid Chaos Knight)        Turns: 1090, Time: 00:05:26

Health: -5/33      AC:  5    Str: 17    XL:     3   Next: 57%
Magic:  3/3        EV: 11    Int: 11    God:    Xom [.....*]
Gold:   23         SH:  0    Dex: 10    Spells: 0 memorised, 2 levels left

rFire  . . .     SeeInvis +     a - +0 falchion (chaos)
rCold  . . .     Gourm    .     b - +2 leather armour
rNeg   . . .     Faith    .     (no shield)
rPois  .         Spirit   .     (helmet unavailable)
rElec  .         Dismiss  .     (no cloak)
rCorr  .         Reflect  .     (no gloves)
SustAt .         Harm     .     (no boots)
MR     .....                    (no amulet)
Stlth  +.........               (no ring)
                                (no ring)

@: not resistant to hostile enchantments, very unstealthy
A: permanent stasis, dig shafts and tunnels, four strong arms, antennae 3,
robust 1
a: Dig, Shaft Self, Renounce Religion


You were on level 2 of the Dungeon.
You worshipped Xom.
You were Xom's teddy bear.
You were not hungry.

You visited 1 branch of the dungeon, and saw 2 of its levels.

You collected 23 gold pieces.

Inventory:

Hand Weapons
 a - a +0 falchion of chaos (weapon)
Armour
 b - a +2 leather armour (worn)
 e - a +0 ring mail
Scrolls
 g - 2 scrolls of identify {unknown}
 h - 2 scrolls of remove curse {unknown}
 j - a scroll of random uselessness {unknown}
Potions
 d - 2 potions of lignification {unknown}
 f - a potion of mutation {unknown}
 i - a potion of invisibility {unknown}
Comestibles
 c - a bread ration
 k - a chunk of flesh


   Skills:
 * Level 4.0 Fighting
 * Level 3.4 Long Blades
 * Level 2.5 Armour
 * Level 1.1 Dodging
 * Level 0.2 Spellcasting


You had 2 spell levels left.
You didn't know any spells.

Dungeon Overview and Level Annotations

Branches:
Dungeon (2/15)

Altars:
Nemelex Xobeh

Annotations:
D:2 Jessica


Innate Abilities, Weirdness & Mutations

You are under a permanent stasis effect.
You can dig through walls and to a lower floor.
Your four strong arms can wield two-handed weapons with a shield.
You have a pair of large antennae on your head (SInv).
You are robust (+10% HP).


Message History

Jessica casts a spell.
Jessica seems to speed up.
You are now a BORING thing.
A jackal comes into view.
You barely miss the worm.
Jessica gestures wildly while chanting.
Jessica blinks! "Time to have some fun!"
You are now Xom's teddy bear.
The chaos spawn gores you!!
Ouch! That really hurt!
You are engulfed in flames!
* * * LOW HITPOINT WARNING * * *
A jackal comes into view.
The jackal barks!
You barely miss the chaos spawn. The chaos spawn completely misses you.
You closely miss the chaos spawn. The chaos spawn barely misses you.
You miss the chaos spawn. The chaos spawn hits you!
You die...
Xom howls with laughter!

###....#####..#########
#....#####..##########
.........##########
...###....#########
..##.##....########
.##...##....#######
..##.._..##...#######
..##^......##.3#######
@##...^.^...##@#######
.#...#####.^^#.#######
.##.+#.#.#+^##w#######
..###..#..###h@#######
......###..h..########
.#..#........#########
..###....#.##########
####.#.# #.###


You could see a chaos spawn, a worm, Jessica and 2 jackals.

Vanquished Creatures
  An adder (D:2)
  A dart slug (D:1)
  A giant gecko (D:1)
  5 goblins
  3 hobgoblins (D:1)
  2 jackals (D:2)
  3 bats (D:1)
  A giant newt (D:1)
  3 kobolds
  4 rats
24 creatures vanquished.

Notes
Turn   | Place    | Note
--------------------------------------------------------------
     0 | D:1      | Lennu the Formicid Chaos Knight began the quest for the Orb.
     0 | D:1      | Reached XP level 1. HP: 18/18 MP: 1/1
    43 | D:1      | XOM: silly message
   212 | D:1      | Reached XP level 2. HP: 18/24 MP: 2/2
   372 | D:1      | Reached skill level 1 in Dodging
   501 | D:1      | XOM is BORED!
   501 | D:1      | XOM: harmless Trmt miscast
   504 | D:1      | XOM: harmless Divn miscast
   717 | D:1      | XOM: harmless Necr miscast
   766 | D:1      | Reached XP level 3. HP: 30/30 MP: 3/3
   886 | D:2      | XOM: give mutation
   886 | D:2      | Gained mutation: You are robust (+10% HP). [Xom's grace]
   907 | D:2      | Reached skill level 4 in Fighting
  1016 | D:2      | Found a sparkling altar of Nemelex Xobeh.
  1016 | D:2      | XOM: vitrification
  1072 | D:2      | Noticed Jessica
  1086 | D:2      | XOM is BORED!
  1086 | D:2      | XOM: summons 1 hostile demon
  1087 | D:2      | Noticed a chaos spawn
  1090 | D:2      | Slain by a chaos spawn

Skill      XL: |  1  2  3 |
---------------+----------+-----
Dodging        | 1 |  1.1
Fighting       | 4 |  4.0
Long Blades    | |  3.4
Armour         | |  2.5
Spellcasting   | |  0.2

Action                   || total
-------------------------++-------
Melee: Falchion          ||    82
 Abil: Dig               ||     1
  Eat: Chunk             ||     1
Armor: Leather armour    ||    29
Dodge: Dodged            ||    50
